 Dungeon Crawl Stone Soup version 0.28.0-53-g5a82cb258f (webtiles) character file.

Game seed: 14174893331944865441

4392 Godmorgon the Basher (level 10, -10/89 HPs)
             Began as a Minotaur Fighter on Aug 12, 2022.
             Was a Follower of the Shining One.
             Mangled by a sun demon (14 damage)
             ... summoned by a kobold demonologist
             ... in a bailey.
             The game lasted 00:20:20 (6332 turns).

Godmorgon the Basher (Minotaur Fighter)             Turns: 6332, Time: 00:20:21

Health: -10/89     AC: 16    Str: 24    XL:     10   Next: 13%
Magic:  11/11      EV:  8    Int:  5    God:    the Shining One [*.....]
Gold:   1415       SH:  5    Dex: 11    Spells: 9/9 levels left

rFire   . . .      SeeInvis .   a - +0 flail
rCold   . . .      Faith    .   c - +0 buckler
rNeg    . . .      Spirit   .   n - +3 chain mail
rPois   .          Reflect  .   (helmet restricted)
rElec   .          Harm     .   (no cloak)
rCorr   .          Rampage  .   k - +0 pair of gloves
Will    +....                   x - +0 pair of boots
Stlth   ..........              (no amulet)
HPRegen 0.24/turn               t - ring of willpower
MPRegen 0.12/turn               (no ring)

@: glowing
A: horns 2, retaliatory headbutt
a: Renounce Religion, Divine Shield


You were in a bailey.
You worshipped the Shining One.
The Shining One was aware of your devotion.
You visited 1 branch of the dungeon, and saw 7 of its levels.
You also visited: Bailey.

You collected 1415 gold pieces.

Inventory:

Hand Weapons
 a - a +0 flail (weapon)
Missiles
 b - 26 stones (quivered)
 B - 6 boomerangs
Armour
 c - a +0 buckler (worn)
 k - a +0 pair of gloves (worn)
 n - a +3 chain mail (worn)
 x - a +0 pair of boots (worn)
Jewellery
 g - a ring of fire
 t - a ring of willpower (left hand)
Wands
 h - a wand of polymorph (9)
 v - a wand of flame (33)
Scrolls
 o - 3 scrolls of teleportation
 p - 2 scrolls of fog
 q - a scroll of fear
 s - a scroll of magic mapping {unknown}
 w - a scroll of immolation {unknown}
 y - a scroll of enchant weapon
Potions
 e - 2 potions of mutation
 f - 3 potions of invisibility
 i - 5 potions of curing
 j - a potion of haste
 l - a potion of brilliance {unknown}
 m - 2 potions of heal wounds {unknown}
 r - 2 potions of lignification {unknown}
 u - 2 potions of attraction {unknown}
 z - a potion of experience {unknown}
 A - a potion of flight {unknown}


   Skills:
 + Level 8.3 Fighting
 * Level 11.1 Maces & Flails
 - Level 6.0 Throwing
 + Level 8.6 Armour
 - Level 5.0 Shields
 + Level 2.9 Invocations


You had 9 spell levels left.
You didn't know any spells.
Your spell library was empty.

Dungeon Overview and Level Annotations

Branches:
Dungeon (7/15)             Temple (0/1) D:7          Bailey (1/1)

Altars:
Dithmenos
Okawaru
The Shining One

Annotations:
D:5 1 exclusion


Innate Abilities, Weirdness & Mutations

You have a pair of horns on your head.
You reflexively headbutt those who attack you in melee.


Message History

The kobold demonologist looks encouraged for a moment.
The iron imp hits you but does no damage.
There is a broken door, spattered with blood here.
You sock the kobold demonologist!
You headbutt the kobold demonologist, but do no damage.
The kobold demonologist is moderately wounded.
The kobold demonologist casts a spell.
You closely miss the kobold demonologist.
You headbutt the kobold demonologist, but do no damage.
The kobold demonologist is moderately wounded.
The kobold demonologist casts a spell.
You block the iron imp's attack.
You sock the kobold demonologist! You headbutt the kobold demonologist!
The kobold demonologist is severely wounded.
The orange demon stings you but does no damage.
You block the orange demon's attack.
The kobold demonologist hits you but does no damage.
The iron imp barely misses you. You furiously retaliate!
You headbutt the iron imp.
You hit the kobold demonologist but do no damage.
Your headbutt misses the kobold demonologist.
The kobold demonologist is severely wounded.
The orange demon stings you but does no damage.
The orange demon barely misses you.
The kobold demonologist hits you but does no damage.
The sun demon hits you!
* * * LOW HITPOINT WARNING * * *
You are engulfed in flames!!
* * * LOW HITPOINT WARNING * * *
The iron imp hits you but does no damage.
You hit the kobold demonologist but do no damage.
You headbutt the kobold demonologist.
The kobold demonologist is almost dead.
The orange demon stings you.
* * * LOW HITPOINT WARNING * * *
The orange demon misses you.
The kobold demonologist barely misses you.
You furiously retaliate!
You headbutt the kobold demonologist. The sun demon hits you!
You die...

#8.# ._.
#).#.≈≈≈≈≈≈≈ ...
#'##.≈≈≈≈≈≈≈ ##'##
#))#.≈≈≈≈≈≈≈ #...#
#..#.≈≈≈≈≈≈≈ #.K.#
#..#.≈≈≈≈≈≈≈ ##
#858# ##..#.≈≈≈≈≈≈≈
#. #...#
.#.4#.≈≈≈≈≈≈≈
+##'###8)8###'##@#'#
..#...#.).#.??#K53.#
..#..o#...#.!!#....#
..######.######..###
...)....∩.5......'.#
###≈≈≈≈≈≈≈≈≈≈≈######
≈≈≈≈≈≈≈≈≈≈≈≈≈≈≈≈≈≈
≈≈≈≈≈≈≈≈≈≈≈≈≈≈≈≈≈≈≈
≈≈≈≈≈≈≈≈≈≈≈≈≈≈≈≈≈≈≈≈


You could see a sun demon (summoned), an orange demon (summoned), a kobold
demonologist and an iron imp (summoned).

Vanquished Creatures
  2 orc knights (Bailey)
  4 yaks (D:5)
  A water moccasin (D:7)
  Duvessa (D:5)
  4 orc warriors
  A sky beast (D:6)
  4 black bears
  3 ogres
  A necrophage (D:6)
  3 centaurs
  A scorpion (D:7)
  A wyvern zombie (D:7)
  2 bullfrogs
  Dowan (D:5)
  A water moccasin zombie (D:5)
  2 wyvern skeletons
  A water moccasin skeleton (D:6)
  A bullfrog zombie (D:6)
  A centaur zombie (D:6)
  4 hounds
  2 orc priests
  2 bullfrog skeletons
  Natasha (thrice) (D:4)
  Terence (D:3)
  5 iguanas
  3 orc wizards
  A howler monkey zombie (D:7)
  A howler monkey skeleton (D:5)
  A gnoll (Bailey)
  9 adders
  A white imp (D:6)
  An ufetubus (D:4)
  2 adder skeletons
  3 worms
  2 dart slugs
  18 orcs
  6 ball pythons
  6 endoplasms
  5 giant cockroaches
  17 goblins
  10 hobgoblins
  7 jackals
  7 kobolds
  3 quokkas
  2 bats
  4 rats
161 creatures vanquished.

Vanquished Creatures (others)
  11 plants (D:7)
11 creatures vanquished.

Grand Total: 172 creatures vanquished

Notes
Turn   | Place    | Note
-------+----------+-------------------------------------------
     0 | D:1      | Godmorgon the Minotaur Fighter began the quest for the Orb.
     0 | D:1      | Reached XP level 1. HP: 19/19 MP: 0/0
   244 | D:1      | Reached XP level 2. HP: 25/27 MP: 1/1
   308 | D:1      | Reached skill level 3 in Maces & Flails
   735 | D:2      | Reached XP level 3. HP: 33/33 MP: 2/2
  1008 | D:2      | Reached XP level 4. HP: 38/40 MP: 3/3
  1490 | D:3      | Reached skill level 4 in Maces & Flails
  1541 | D:3      | Reached skill level 1 in Throwing
  1924 | D:3      | Reached XP level 5. HP: 47/47 MP: 4/4
  1950 | D:3      | Noticed Terence
  1964 | D:3      | Killed Terence
  2164 | D:3      | Found a faded altar of an unknown god.
  2523 | D:4      | Reached skill level 5 in Maces & Flails
  2523 | D:4      | Reached XP level 6. HP: 32/53 MP: 5/5
  2662 | D:4      | Found a shadowy altar of Dithmenos.
  3141 | D:4      | Noticed Natasha
  3146 | D:4      | Killed Natasha
  3162 | D:4      | Found a glowing golden altar of the Shining One.
  3166 | D:4      | Became a worshipper of the Shining One
  3220 | D:4      | Found a glowing golden altar of the Shining One.
  3518 | D:4      | Noticed Natasha
  3528 | D:4      | Killed Natasha
  3529 | D:4      | Reached skill level 5 in Shields
  3541 | D:5      | Entered Level 5 of the Dungeon
  3545 | D:5      | Reached skill level 5 in Armour
  3690 | D:5      | Reached skill level 5 in Fighting
  3848 | D:5      | Found an iron altar of Okawaru.
  3857 | D:5      | Reached XP level 7. HP: 51/61 MP: 6/6
  3926 | D:5      | Reached skill level 6 in Maces & Flails
  3994 | D:4      | Noticed Natasha
  4000 | D:4      | Killed Natasha
  4347 | D:5      | Noticed a yak
  4347 | D:5      | Reached * piety under the Shining One
  4347 | D:5      | Noticed a yak
  4347 | D:5      | Noticed a yak
  4348 | D:5      | Noticed a yak
  4356 | D:5      | Killed a yak
  4360 | D:5      | Killed a yak
  4361 | D:5      | Reached skill level 7 in Maces & Flails
  4364 | D:5      | Killed a yak
  4365 | D:5      | Reached XP level 8. HP: 52/70 MP: 4/7
  4383 | D:5      | Reached skill level 8 in Maces & Flails
  4458 | D:5      | Noticed Duvessa
  4458 | D:5      | Noticed Dowan
  4471 | D:5      | Killed Duvessa
  4486 | D:5      | Killed Dowan
  4899 | D:6      | Reached skill level 9 in Maces & Flails
  4964 | D:6      | Reached XP level 9. HP: 73/79 MP: 8/8
  5203 | D:6      | Reached skill level 5 in Throwing
  5493 | D:6      | Reached skill level 10 in Maces & Flails
  5663 | D:7      | Reached skill level 1 in Invocations
  5777 | D:7      | Reached ** piety under the Shining One
  5787 | D:7      | Found a staircase to the Ecumenical Temple.
  5844 | D:7      | Found a flagged portal.
  5869 | Bailey   | Entered a bailey
  5984 | Bailey   | Noticed an orc knight
  5996 | Bailey   | Killed an orc knight
  6009 | Bailey   | Acquired 1047 gold pieces
  6203 | Bailey   | Reached XP level 10. HP: 88/88 MP: 10/10
  6206 | Bailey   | Found an iron altar of Okawaru.
  6211 | Bailey   | Noticed an orc knight
  6234 | Bailey   | Killed an orc knight
  6235 | Bailey   | Reached skill level 11 in Maces & Flails
  6307 | Bailey   | Noticed an orc high priest
  6329 | Bailey   | Noticed an orange demon
  6330 | Bailey   | Noticed a sun demon
  6332 | Bailey   | HP: 4/89 [orange demon[a kobold demonologist] (2)]
  6332 | Bailey   | Mangled by a sun demon

Illustrated notes

Levels and vault maps discovered:
D:1:      giann_wishing_wells, layout_basic, serial_curves, eino_curves_03,
          eino_curves_03, nrook_uturn
D:2:      layout_basic
D:3:      layout_loops_cross, shapermc_ecumenical_altar_gd, uniq_terence
D:4:      layout_loops_cross, grunt_dithmenos_smoke_and_mirrors,
          mainiacjoe_overflow_six_doors_small, uniq_natasha
D:5:      layout_basic, kennysheep_okawaru_gauntlet, grunt_ministairs_1,
          uniq_duvessa
D:6:      layout_loops_ring
D:7:      layout_basic, lemuel_zombie_altar_kikubaaqudgha,
          minmay_temple_entry_from_below_b, enter_bailey_5, serial_bayou,
          serial_bayou_lagoon_a, serial_bayou_crossing, serial_bayou_lagoon_b,
          serial_bayou_pond_e, minivault_19
Bailey:   bailey_axe_of_yendor_kennysheep, bailey

Skill      XL: |  1  2  3  4  5  6  7  8  9 10 |
---------------+-------------------------------+-----
Maces & Flails | 3 4 5 7 9 10 11 | 11.1
Fighting       | 4 5 6 7 8 |  8.3
Armour         | 4 5 6 7 8 |  8.6
Shields        | 4 5 |  5.0
Throwing       | 1 2 3 4 5 6 |  6.0
Invocations    | 2 |  2.9

Action                   |  1- 3 |  4- 6 |  7- 9 | 10-12 || total
-------------------------+-------+-------+-------+-------++-------
Melee: Flail             |    77 |   166 |   209 |    27 ||   479
       Headbutt          |     8 |    25 |    64 |     9 ||   106
Throw: Stone             |       |    11 |    13 |       ||    24
Invok: Divine Shield     |       |       |     6 |     1 ||     7
Evoke: Wand              |       |       |     1 |       ||     1
  Use: Scroll            |       |       |     8 |       ||     8
       Potion            |       |       |     1 |       ||     1
Armor: Scale mail        |    20 |       |       |       ||    20
       Chain mail        |    19 |    93 |    82 |     9 ||   203
Dodge: Dodged            |    39 |    52 |    67 |     9 ||   167
Block: Buckler           |    14 |    28 |    76 |     7 ||   125
